 Seeded DCSS version 0.27.1-2-g3b301248ec (webtiles) character file.

Game seed: 17979796883088392625 (custom seed)

7 babuloseo the Twirler (level 2, 22/22 HPs)
             Began as a Human Gladiator on Sept 26, 2021.
             Was a Follower of Zin.
             Quit the game on level 2 of the Dungeon.
             The game lasted 00:00:35 (119 turns).

babuloseo the Twirler (Human Gladiator)              Turns: 119, Time: 00:00:35

Health: 22/22      AC:  4    Str: 14    XL:     2   Next: 5%
Magic:  2/2        EV: 12    Int:  8    God:    Zin [*.....]
Gold:   0          SH:  0    Dex: 14    Spells: 1/1 levels left

rFire    . . .     SeeInvis .   a - +0 quarterstaff
rCold    . . .     Faith    .   (shield currently unavailable)
rNeg     . . .     Spirit   .   b - +0 leather armour
rPois    .         Reflect  .   c - +0 helmet
rElec    .         Harm     .   (no cloak)
rCorr    .         Rampage  .   (no gloves)
Will     .....                  (no boots)
Stlth    +.........             e - amulet of regeneration
HPRegen  1.07/turn              (no ring)
MPRegen  0.08/turn              (no ring)

@: no status effects
A: no striking features
a: Renounce Religion, Recite, Donate Gold


You were on level 2 of the Dungeon.
You worshipped Zin.
Zin was aware of your devotion.
You visited 1 branch of the dungeon, and saw 2 of its levels.

Inventory:

Hand Weapons
 a - a +0 quarterstaff (weapon)
Missiles
 d - 3 throwing nets (quivered)
Armour
 b - a +0 leather armour (worn)
 c - a +0 helmet (worn)
Jewellery
 e - an amulet of regeneration (around neck)


   Skills:
 + Level 2.1 Fighting
 * Level 3.3 Staves
 + Level 2.0 Throwing
 + Level 3.1 Dodging


You had one spell level left.
You didn't know any spells.
Your spell library was empty.

Dungeon Overview and Level Annotations

Branches:
Dungeon (2/15)

Altars:
Zin


Message History

You hit the giant cockroach.
The giant cockroach is almost dead.
The giant cockroach misses you.
You hit the giant cockroach but do no damage.
The giant cockroach is almost dead.
The giant cockroach bites you but does no damage.
The giant cockroach barely misses you.
You hit the giant cockroach.
You kill the giant cockroach!
No target in view!
No target in view!
A bat comes into view.
The bat hits you but does no damage.
A goblin comes into view. It is wielding a +0 club.
The bat hits you but does no damage.
You hit the bat.
You kill the bat!
The goblin shouts!
The goblin closely misses you.
You barely miss the goblin. The goblin hits you with a +0 club.
You hit the goblin.
You kill the goblin!
No target in view!
No target in view!
You see here a +0 club.
A goblin comes into view. It is wielding a +4 dagger.
You sock the goblin!
You kill the goblin!
You have reached level 2!
Things that are here:
a +4 dagger; a goblin corpse
Found a faded altar of an unknown god.
There is a dry fountain here.
There is a faded altar of an unknown god here.
You cannot tell which god this altar belongs to.
Convert to them anyway?
Zin accepts your prayer! Zin welcomes you!
You can now donate money to Zin.
You can now recite Zin's Axioms of Law.
There is a dry fountain here.
Are you sure you want to abandon this character and quit the game? (Confirm with "yes".)

#.#.. #..⌠.
#.⌠..######
#...#∩#8#.#
#_#...######
##..⌠.#....## #
#8.⌠..#.....##
#..#...#.......#
#...###@.......#
#..............##
#................
#..............##
##............##
##..........##
#...##..#####
#...).......##########
#....##.###..).....|..


There were no monsters in sight!

Vanquished Creatures
  A bat (D:2)
  A giant cockroach (D:2)
  3 goblins (D:2)
5 creatures vanquished.

Notes
Turn   | Place    | Note
-------+----------+-------------------------------------------
     0 | D:1      | babuloseo the Human Gladiator began the quest for the Orb.
     0 | D:1      | Reached XP level 1. HP: 16/16 MP: 1/1
    97 | D:2      | Reached XP level 2. HP: 22/22 MP: 2/2
   104 | D:2      | Found a faded altar of an unknown god.
   114 | D:2      | Became a worshipper of Zin the Law-Giver
   114 | D:2      | Reached * piety under Zin
   119 | D:2      | Quit the game

Illustrated notes

Levels and vault maps discovered:
D:1:      minmay_arrival_cross, layout_loops_ring
D:2:      layout_rooms, shapermc_ecumenical_altar_venn

Action                   || total
-------------------------++-------
Melee: Quarterstaff      ||    14
Armor: Leather armour    ||     7
Dodge: Dodged            ||    14
